cohdb
Replays
Latest Replays
All Replays
Popular Replays
Top Player Replays
Match Explorer
How It Works
Community
CoH3 Stats
Reddit
Sign in to upload your games and track your stats! →
Sign in with Steam
Match 40940199
Unlisted
Match 40940199
Overview
Messages
Build Orders
End
Construct Barracks
Riflemen Squad
Selects Heavy Weapons
Riflemen Squad
M1 Mortar Team
Construct Weapon Support Center
M1919 Machine Gun Team
Selects M2HB .50cal Heavy Machine Gun
Riflemen Squad
Mechanized Support Center
Construct Motor Pool
Grenade Package
Selects Assault Carriers
M3 75 mm Gun Motor Carriage
M3 Assault Carrier
M3 75 mm Gun Motor Carriage
Selects Halftrack Strongpoints
Engineer Squad
M3 75 mm Gun Motor Carriage
Sostradayu
Tombs
Jd577
Qwohta
dj turnt
leão são marinho
Hextech
Prophecy
0
0
Comments
sign in to comment!
No comments posted yet!